 Dungeon Crawl Stone Soup version 0.32-a0-599-gba8f9cf90e (webtiles) character file.

Game seed: 13742278890585262997

2 cforsyth the Grave Robber (level 1, 0/15 HPs)
             Began as a Mountain Dwarf Necromancer on Mar 2, 2024.
             Slain by a quokka (5 damage)
             ... on level 1 of the Dungeon.
             The game lasted 00:00:13 (228 turns).

cforsyth the Grave Robber (MDNe)                     Turns: 228, Time: 00:00:14

Health: 0/15       AC:  2    Str: 10    XL:     1   Next: 33%
Magic:  0/3        EV: 11    Int: 15    God:
Gold:   18         SH:  0    Dex: 10    Spells: 2/3 levels left

rFire   . . .        (no weapon)
rCold   . . .        (no shield)
rNeg    . . .        a - +0 robe
rPois   .            (no helmet)
rElec   .            (no cloak)
rCorr   .            (no gloves)
SInv    .            (no boots)
Will    .....        (no amulet)
Stlth   ++           (no ring)
HPRegen 0.22/turn    (no ring)
MPRegen 0.08/turn

%: no passive effects
@: no status effects
A: runic magic, artefact enchanting
a: no special abilities


You were on level 1 of the Dungeon.
You visited 1 branch of the dungeon, and saw 1 of its levels.

You collected 18 gold pieces.


Innate Abilities, Weirdness & Mutations

Your spellcasting is much less encumbered by armour.
You can use scrolls of enchantment on lesser artefacts.


   Skills:
 + Level 0.4 Fighting
 - Level 1.3 Dodging
 - Level 1.4 Stealth
 - Level 1.7 Spellcasting
 + Level 4.4 Necromancy


You had 2 spell levels left.
You knew the following spells:

 Your Spells              Type           Power      Damage    Failure   Level
X - Necrotise             Necr           56%        1d6       3%          1

Your spell library contained the following spells:

 Spells                   Type           Power      Damage    Failure   Level
 Vampiric Draining        Necr           14%        2d7       11%         3
 Animate Dead             Necr           14%        N/A       34%         4
 Curse of Agony           Necr           14%        N/A       69%         5

Inventory:

Armour
 a - a +0 robe (worn)
Potions
 b - a potion of magic
 c - a potion of curing {unknown}

Dungeon Overview and Level Annotations

Branches:
Dungeon (1/15)

Altars:

.......
#..#.#...#.#.#
......) #..#####.#.#
....... #..........#
.......####
#.#.######.#
........#
#..........# #.....#
#.#.######## #.....#
#.#.#
###....r###.#.#
.........@...#.#####
##############......


PPPPPPPPPPPPPPPP# #### PPPPP..<..PPPPPP#### #... PPP..PPPPP..PPPP.... #.##
PP.PPP...PPP.PPP#.# #Z#> PP.PP.PPP.PP.PPP#.# #.#. P.PP.PP.PP.PP.PP#.# #.#.
PP.P.PP.P.PP.P.PP#.#.##.#. You could see a quokka.


Message History

The quokka writhes in agony.
The quokka writhes in agony.
You are out of magic!
A quokka is nearby!
A quokka is nearby!
You are out of magic!
You are out of magic!
You are out of magic!
You hit the quokka but do no damage.
The quokka is moderately wounded.
The quokka bites you but does no damage.
You closely miss the quokka.
The quokka is moderately wounded.
The quokka bites you.
You hit the quokka but do no damage.
The quokka is lightly wounded.
The quokka bites you.
You hit the quokka.
The quokka is moderately wounded.
The quokka bites you.
* * * LOW HITPOINT WARNING * * *
The quokka bites you but does no damage.
You are too injured to fight recklessly!
You are too injured to fight recklessly!
You are too injured to fight recklessly!
You are too injured to fight recklessly!
You are too injured to fight recklessly!
You are too injured to fight recklessly!
The quokka bites you.
You die...

Action                     || total
---------------------------++-------
  Melee: Unarmed           ||     4
   Cast: Necrotise         ||     7
 Armour: Robe              ||     6

Levels and vault maps discovered:
D:1:      roderic_crop_circles_arrival_small, layout_basic

Notes
Turn   | Place    | Note
-------+----------+-------------------------------------------
     0 | D:1      | cforsyth the Mountain Dwarf Necromancer began the quest for
                  | the Orb.
     0 | D:1      | Reached XP level 1. HP: 14/14 MP: 3/3
   228 | D:1      | Slain by a quokka

Vanquished Creatures
  A bat (D:1)
  A kobold (D:1)
  A rat (D:1)
3 creatures vanquished.

Table legend: (Time is in decaauts)
 A = Elapsed time spent in this place.
 B = Non-inter-level travel time spent in this place.
 C = Inter-level travel time spent in this place.
 D = Time resting spent in this place.
 E = Time spent auto-exploring this place.
 F = Levels seen in this place.
 G = Mean time per level.
                   A        B        C        D        E       F      G
               +--------+--------+--------+--------+--------+-----+--------+
         Total |    228 |    228 |      0 |      0 |    200 |   1 |  228.0 |
       Dungeon |    228 |    228 |      0 |      0 |    200 |   1 |  228.0 |
               +--------+--------+--------+--------+--------+-----+--------+

Top non-repeatable levels by time:
     D:1: 228 daAuts

Table legend:
 A = Non-vault XP
 B = Vault XP
 C = Vault XP percentage of total XP
 D = Non-vault monster count
 E = Vault monster count
 F = Vault count percentage of total count
                 A         B        C        D         E       F
            +---------+---------+-------+---------+---------+-------
      Total |       4 |       0 |   0.0 |       3 |       0 |   0.0
            +---------+---------+-------+---------+---------+-------
        D:1 |       4 |       0 |   0.0 |       3 |       0 |   0.0
            +---------+---------+-------+---------+---------+-------
